Map: Acropolis LE

Players

Nigrnog - Winner!

  • Race: Zerg Zerg
  • League: Silver
  • Spawn Location: 11:00

MooEsqoo

  • Race: Zerg Zerg
  • Spawn Location: 5:00

VOD

Have the link to the VOD?

Description

Time

  • Played on: Dec. 20, 2019, 7:58 a.m.
  • Length: 17:49
Show
View Real Time Build Order
Export as new Build Order

Nigrnog Zerg - Winner!

Build Orders: Pool First 

Get SALT Encoding   

  12  0:01  Drone  
  13  0:13  Overlord  
  13  0:17  Drone  
  14  0:24  Extractor  
  14  0:28  Drone  
  14  0:35  Drone  
  15  0:37  Drone  
  16  0:49  Spawning Pool  
  15  0:52  Drone  
  16  0:58  Drone  
  17  1:09  Drone  
  19  1:18  Drone  
  19  1:33  Hatchery  
  19  1:38  Metabolic Boost  
  18  1:40  Drone  
  19  1:51  Queen  
  21  1:58  Overlord  
  21  2:04  Drone  
  22  2:11  Overlord  
  22  2:17  Zergling x2  
  23  2:23  Zergling x2  
  24  2:40  Drone  
  25  2:56  Queen  
  27  3:12  Zergling x6  
  28  3:13  Zergling x10  
  33  3:35  Roach Warren  
  32  3:42  Evolution Chamber  
  32  3:44  Evolution Chamber  
  32  3:45  Drone x2  
  32  3:49  Lair  
  32  3:51  Zergling x6  
  32  3:52  Zergling x6  
  38  4:05  Baneling Nest  
  38  4:09  Zerg Ground Armor Level 1  
  37  4:13  Zerg Melee Weapons Level 1  
  39  4:17  Roach  
  39  4:21  Extractor  
  39  4:23  Extractor, Drone x2  
  39  4:24  Drone  
  40  4:28  Drone  
  41  4:36  Overlord  
  36  5:00  Zergling x8  
  36  5:01  Zergling x10  
  39  5:17  Zergling x4, Roach  
  39  5:28  Zergling x4  
  40  5:36  Drone x2  
  35  6:04  Roach  
  35  6:05  Zergling x16  
  35  6:06  Zergling x2  
  43  6:25  Zergling x6  
  43  6:26  Zergling x2  
  44  6:38  Zergling x2  
  44  6:39  Zergling x2  
  41  7:00  Zergling x8  
  39  7:10  Zergling x4  
  39  7:29  Hatchery  
  38  7:30  Drone x2  
  38  7:35  Glial Reconstitution  
  38  7:36  Zerg Melee Weapons Level 2  
  40  7:38  Zerg Ground Armor Level 2  
  40  7:40  Zergling x4  
  40  7:41  Zergling x4  
  44  7:49  Overlord x2, Hatchery  
  43  8:02  Drone  
  44  8:07  Baneling x5  
  44  8:08  Baneling x2  
  44  8:09  Zergling x6  
  47  8:21  Queen  
  47  8:22  Drone  
  50  8:31  Drone, Zergling x4  
  53  8:40  Queen  
  55  8:42  Drone  
  56  8:49  Drone x2  
  56  8:50  Drone  
  59  9:08  Extractor  
  41  9:37  Zergling x12  
  41  9:38  Zergling x2, Roach x4  
  50  9:39  Roach x2  
  56  9:49  Queen  
  58  9:54  Drone x2  
  60  10:07  Drone  
  60  10:08  Drone x3  
  64  10:14  Zergling x2, Roach  
  64  10:20  Roach  
  69  10:38  Roach  
  69  10:40  Overlord x2  
  71  10:46  Extractor  
  71  10:48  Extractor  
  69  10:52  Zergling x4  
  69  10:53  Zergling x2  
  72  10:59  Zerg Missile Weapons Level 1  
  72  11:08  Infestation Pit  
  71  11:18  Roach x4  
  77  11:19  Roach x2  
  83  11:30  Baneling x4  
  83  11:31  Baneling x6  
  83  11:35  Baneling x4  
  83  11:42  Roach  
  83  11:43  Roach  
  83  11:45  Drone  
  88  11:49  Overlord  
  88  12:05  Hive  
  88  12:10  Baneling x5  
  88  12:11  Baneling x3  
  88  12:15  Drone x3  
  91  12:17  Drone  
  91  12:19  Zergling x2  
  93  12:28  Drone x3  
  96  12:47  Overlord x3  
  96  12:48  Overlord  
  96  13:06  Roach  
  96  13:07  Roach x4  
  96  13:09  Roach  
  108  13:16  Zerg Missile Weapons Level 2  
  108  13:21  Overlord  
  108  13:53  Roach x8  
  108  13:54  Roach  
  126  14:09  Roach x3  
  134  14:10  Roach  
  134  14:14  Overlord  
  134  14:45  Zerg Ground Armor Level 3  
  134  14:52  Adrenal Glands  
  134  15:02  Drone x4  
  134  15:03  Drone  
  139  15:15  Zergling x4  
  139  15:16  Zergling x6  
  139  15:21  Overlord x2  
  143  15:46  Spire  
  142  15:53  Roach x7  
  156  16:03  Centrifical Hooks  
  114  16:33  Roach x5  
  114  16:34  Roach x3  
  126  16:46  Roach x3  
  118  17:00  Zergling x4, Roach x2  
  116  17:01  Zergling x2  
Show
View Real Time Build Order
Export as new Build Order

MooEsqoo Zerg 

Build Orders: Hatch First 

Get SALT Encoding   

  12  0:03  Drone  
  13  0:14  Drone  
  13  0:16  Overlord  
  14  0:35  Drone x2  
  16  0:37  Drone  
  17  0:55  Hatchery  
  16  0:59  Drone x2  
  18  1:06  Extractor  
  17  1:15  Spawning Pool  
  17  1:17  Drone  
  17  1:22  Drone  
  18  1:32  Drone  
  19  1:48  Drone  
  20  1:58  Drone  
  21  2:02  Overlord  
  21  2:09  Queen  
  21  2:10  Queen  
  21  2:14  Zergling x2  
  21  2:15  Zergling x2  
  27  2:24  Drone  
  27  2:25  Drone  
  29  2:31  Drone  
  30  2:41  Drone  
  30  2:42  Overlord  
  31  2:58  Hatchery  
  31  3:04  Metabolic Boost  
  29  3:24  Drone x3  
  29  3:25  Drone  
  33  3:28  Queen x2  
  37  3:37  Drone x3  
  37  3:39  Zergling x2  
  41  3:50  Roach Warren  
  41  3:52  Extractor, Evolution Chamber x2  
  38  3:55  Drone x2  
  38  4:00  Drone x2  
  38  4:01  Drone x2  
  43  4:02  Extractor  
  43  4:03  Extractor  
  43  4:09  Drone  
  43  4:10  Drone  
  43  4:12  Zergling x2  
  44  4:17  Drone  
  44  4:18  Drone x2  
  47  4:26  Lair  
  47  4:30  Zerg Missile Weapons Level 1  
  47  4:31  Zerg Ground Armor Level 1  
  43  4:48  Zergling x4  
  43  4:49  Zergling x4  
  39  4:56  Drone x6  
  39  4:57  Drone x2  
  36  5:13  Drone x3  
  36  5:14  Drone  
  35  5:24  Roach  
  37  5:33  Drone x3  
  40  5:39  Queen  
  42  5:47  Queen  
  31  5:59  Zergling x6  
  31  6:00  Zergling x4  
  34  6:04  Drone  
  30  6:15  Zergling x4  
  30  6:17  Roach  
  27  6:36  Zergling x8  
  31  6:40  Drone  
  31  6:41  Drone  
  33  6:53  Zergling x6  
  31  7:10  Ravager  
  31  7:12  Zergling x2  
  31  7:13  Zergling x6, Roach  
  38  7:19  Drone x2  
  40  7:37  Queen  
  40  7:41  Roach x2  
  40  7:42  Drone  
  47  7:48  Roach  
  47  7:49  Zergling x2  
  50  7:59  Overlord  
  50  8:00  Overlord  
  50  8:09  Zerg Missile Weapons Level 2  
  50  8:18  Drone x4  
  54  8:25  Ravager x3  
  57  8:29  Roach  
  59  8:37  Roach x2  
  63  8:42  Drone x2  
  63  8:43  Drone  
  63  8:46  Overlord  
  66  8:56  Overlord  
  66  8:57  Overlord  
  48  9:37  Zergling x2  
  48  9:38  Zergling x8  
  52  9:39  Roach x4  
  52  9:41  Drone x3  
  52  9:45  Drone x3  
  66  9:48  Queen x2  
  70  9:53  Drone  
  70  9:55  Zergling x2  
  72  10:02  Ravager x2  
  74  10:17  Drone x3  
  74  10:18  Drone x3  
  80  10:24  Zergling x4  
  82  10:55  Roach x3  
  88  10:57  Zergling x2, Overlord x3  
  88  10:58  Overlord x2  
  89  11:16  Drone  
  89  11:17  Drone x5  
  95  11:22  Roach x5  
  105  11:27  Ravager x3  
  108  11:39  Drone  
  111  11:40  Drone x4  
  111  11:43  Zergling x8  
  117  11:52  Zerg Ground Armor Level 2  
  117  12:06  Roach x4  
  125  12:11  Overlord x2  
  125  12:19  Roach x2  
  129  12:23  Overlord x2  
  129  12:48  Glial Reconstitution  
  129  12:54  Roach  
  129  12:55  Roach x6  
  129  12:56  Drone x2  
  145  13:03  Ravager  
  145  13:04  Ravager x3  
  149  13:08  Roach x3  
  155  13:27  Drone x2  
  155  13:28  Drone x2  
  155  13:29  Roach  
  155  13:31  Overlord  
  161  13:46  Spire  
  161  13:48  Spire  
  159  13:57  Ravager  
  160  14:05  Roach  
  160  14:06  Roach  
  160  14:07  Zergling x6  
  160  14:08  Zergling x6  
  170  14:10  Overlord  
  170  14:30  Drone x2  
  170  14:31  Drone x4  
  175  14:34  Extractor  
  175  14:35  Extractor  
  174  14:40  Ravager x2  
  174  14:41  Ravager x2  
  174  14:44  Overlord x4  
  178  15:02  Corruptor x4  
  186  15:13  Corruptor  
  188  15:25  Infestation Pit  
  187  15:31  Corruptor x2  
  191  15:41  Corruptor  
  193  15:55  Corruptor x2  
  197  16:15  Corruptor  
  197  16:18  Extractor  
  127  16:33  Zergling x10  
  127  16:34  Zergling x10  
  112  16:47  Zergling x12  
  112  16:48  Zergling x6  
  100  17:03  Zergling x6  
  87  17:17  Zergling x6  
Tags
 
League
Silver
Matchup
ZvZ
Race
Zerg
Spawn Locations
Cross Positions
Add a new tag
Caveats
  • Supply blocks, unpowered buildings, or Contaminate may cause inaccurate times.
  • Supply counts are checked every 10 seconds.